AoeStats
← lexal

Golden Pit

508684163Analyzed
1v1 RM · 8d ago on Sep 23, 2026· 28m 16s· 2 players
Game mode
Random Map
Map size
Tiny (2 player)
Population
200
Speed
Normal
Resources
Standard
Victory
Conquest
Starting age
Dark Age
Ending age
Imperial Age
RankedLock teamsTeams togetherTeam positionsShared explorationLock speedFull tech treeHidden civsTurbo modeCheats
Victory
Defeat
🇷🇺 Bulgarians · Russia
943
+17
🇳🇱 Shu · Netherlands
965
-17
lexal
11:07 Feudal Age
11:51 Arson
12:25 Double-Bit Axe
12:42 Horse Collar
14:04 Forging
13:54 Scale Mail Armor
22:52 Castle Age
23:35 Squires
23:28 Gambesons
24:01 Chain Mail Armor
28:44 Wheelbarrow
Zarbolan
8:06 Loom
10:15 Feudal Age
11:18 Double-Bit Axe
11:21 Horse Collar
19:00 Wheelbarrow
22:18 Castle Age
22:28 Crossbowman
23:07 Fletching
23:17 Padded Archer Armor
27:39 Thumb Ring
28:07 Bodkin Arrow
28:28 Leather Archer Armor
Connection lost

Rejoining the realm…

Still unreachable

The connection could not be restored.

Session expired

The server has moved on; the page needs a fresh start.